 Dungeon Crawl Stone Soup version 0.30.1-11-g7821555f0a (webtiles) character file.

Game seed: 4520377124041661748

10 comborobin the Sneak (level 2, -2/26 HPs)
             Began as a Minotaur Delver on Nov 16, 2023.
             Killed by divine providence
             ... invoked by an orc priest
              (15 damage)
             ... on level 5 of the Dungeon.
             The game lasted 00:00:39 (246 turns).

comborobin the Sneak (Minotaur Delver)               Turns: 246, Time: 00:00:40

Health: -2/26      AC:  4    Str: 16    XL:     2   Next: 10%
Magic:  1/1        EV: 11    Int:  7    God:
Gold:   34         SH:  0    Dex: 11    Spells: 1/1 levels left

rFire   . . .        a - +0 hand axe
rCold   . . .        (no shield)
rNeg    . . .        b - +0 leather armour
rPois   .            (helmet restricted)
rElec   .            (no cloak)
rCorr   .            h - +0 pair of gloves
SInv    .            (no boots)
Will    .....        (no amulet)
Stlth   ++           (no ring)
HPRegen 0.24/turn    (no ring)
MPRegen 0.07/turn

%: no passive effects
@: hasted, very quick
A: horns 2, retaliatory headbutt
a: no special abilities


You were on level 5 of the Dungeon.
You visited 1 branch of the dungeon, and saw 2 of its levels.

You collected 34 gold pieces.

Inventory:

Hand Weapons
 a - a +0 hand axe (weapon)
Armour
 b - a +0 leather armour (worn)
 h - a +0 pair of gloves (worn)
Wands
 g - a wand of digging (3)
Scrolls
 c - a scroll of fog
 e - a scroll of fear


   Skills:
 - Level 3.6 Fighting
 + Level 3.5 Axes
 - Level 2.1 Dodging
 - Level 4.1 Stealth


You had one spell level left.
You didn't know any spells.
Your spell library was empty.

Dungeon Overview and Level Annotations

Branches:
Dungeon (6/15)
 Temple: D:4-7

Altars:


Innate Abilities, Weirdness & Mutations

You have a pair of horns on your head.
You reflexively headbutt those who attack you in melee.


Message History

There is a stone staircase leading up here.
You climb upwards.
There is a stone staircase leading down here.
As you read the scroll of magic mapping, it crumbles to dust.
You feel aware of your surroundings.
You sensed 2 altars, and 1 shop/portal.
(D) Dungeon
Where to? (Enter - D:5 @ (x,y), ? - help)
A scorpion is nearby!
You can't go up here!
An iguana comes into view.
The iguana hisses angrily.
The iguana closely misses you.
The scorpion stings you but does no damage.
The scorpion attacks as you move away! The scorpion stings you.
You are poisoned.
The scorpion poisons you! The iguana attacks as you move away!
The iguana bites you.
You feel sick. The scorpion attacks as you move away!
The scorpion barely misses you. The iguana attacks as you move away!
The iguana bites you but does no damage.
You feel sick.
You feel sick.
The scorpion stings you but does no damage.
You feel sick. The iguana attacks as you move away!
The iguana closely misses you.
You feel sick. The scorpion stings you.
You feel yourself speed up.
You feel sick. The iguana closely misses you. The scorpion barely misses you.
You furiously retaliate!
You headbutt the scorpion.
You feel sick.
You are no longer poisoned.
An orc and an orc priest come into view.
Found an escape hatch in the ceiling.
The orc shouts!
An orc wizard comes into view. It is wielding a +0 dagger.
The orc wizard shouts!
The orc priest calls down the wrath of Beogh upon you.
Beogh smites you!
Ouch! That really hurt!
You die...

*****,,,,,,,,,,,,******
*,,,,,,,,.............#
*,,,,,,,,......o......#
*,,,,,,,,.......oo....#
+,,,,,,,,.............##******##
*,,,,,****#.............,,,,,,.#
*,,,,,* #....<......########.#
*,,,,,* #...........#........#
*****,****######@######........##
,,,,,,,,,..........l.s...........
*****,***#######.######........##
,,,,*,*********#.# #........#
***,*,*,,,,,,,,..#*####........#
,,,,,,,,,,,,,,....,............#
,,*,,,*,,,,,,....#**##.........##
,,*,,,*,,,,,......* #...........
,,*,,,*,,,,......,* #.........#.


You could see a scorpion, an iguana, an orc priest, an orc wizard and an orc.

Vanquished Creatures
  A gnoll (D:5)
1 creature vanquished.

Notes
Turn   | Place    | Note
-------+----------+-------------------------------------------
     0 | D:5      | comborobin the Minotaur Delver began the quest for the Orb.
     0 | D:5      | Reached XP level 1. HP: 19/19 MP: 0/0
    85 | D:5      | Noticed a scorpion
   102 | D:5      | Noticed an ice beast
   131 | D:5      | Reached XP level 2. HP: 16/26 MP: 1/1
   246 | D:5      | Killed from afar by an orc priest

Illustrated notes

Levels and vault maps discovered:
D:5:      layout_basic, lemuel_tele_altar, mainiacjoe_overflow_alcove_4,
          serial_shops, nicolae_shop_tiny_statue_garden, uniq_menkaure
D:6:      layout_loops_ring, kennysheep_little_box

Skill      XL: |  1 |
---------------+----+-----
Axes           | 3 |  3.5
Fighting       | |  3.6
Dodging        | |  2.1
Stealth        | |  4.1

Action                     || total
---------------------------++-------
  Melee: Hand axe          ||     6
         Headbutt          ||     1
    Use: Scroll            ||     1
         Potion            ||     1
 Armour: Leather armour    ||     4
  Dodge: Dodged            ||     8
